 Dungeon Crawl Stone Soup version 0.31-a0-175-g9f7f995f2b (webtiles) character file.

Game seed: 17283110879071055361

203 mopl the Sneak (level 5, -3/26 HPs)
             Began as a Vine Stalker Enchanter on June 16, 2023.
             Was an Initiate of Kikubaaqudgha.
             Slain by a scorpion (4 damage)
             ... on level 4 of the Dungeon.
             The game lasted 00:06:50 (2533 turns).

mopl the Sneak (Vine Stalker Enchanter)             Turns: 2533, Time: 00:06:52

Health: -3/26      AC:  7    Str: 10    XL:     5   Next: 81%
Magic:  0/10       EV: 12    Int: 17    God:    Kikubaaqudgha [......]
Gold:   65         SH:  0    Dex: 15    Spells: 2/10 levels left

rFire   + . .        a - +1 dagger (freeze)
rCold   . . .        (no shield)
rNeg    . . .        b - +0 robe
rPois   .            h - +0 helmet
rElec   .            (no cloak)
rCorr   .            (no gloves)
SInv    .            (no boots)
Will    .....        (no amulet)
Stlth   +++          i - ring of protection from fire
HPRegen 1.04/turn    k - +4 ring of protection
MPRegen 0.12/turn

%: guardian spirit
@: lethally poisoned (-3 -> -3), very slightly contaminated
A: fangs 2, regeneration 1, magic shield, antimagic bite, no potion heal 2
a: Renounce Religion


You were on level 4 of the Dungeon.
You worshipped Kikubaaqudgha.
Kikubaaqudgha was noncommittal.
You visited 1 branch of the dungeon, and saw 4 of its levels.

You collected 195 gold pieces.
You spent 130 gold pieces at shops.

Inventory:

Hand Weapons
 a - a +1 dagger of freezing (weapon)
Missiles
 l - 9 poisoned darts
Armour
 b - a +0 robe (worn)
 h - a +0 helmet (worn)
Jewellery
 i - a ring of protection from fire (left hand)
 k - a +4 ring of protection (right hand)
Scrolls
 d - a scroll of poison {unknown}
 g - 2 scrolls of enchant weapon {unknown}
 m - a scroll of immolation {unknown}
 n - a scroll of fear
 o - 2 scrolls of teleportation
 p - a scroll of fog {unknown}
Potions
 c - 2 potions of invisibility
 e - a potion of curing
 f - a potion of lignification {!q}
 j - 3 potions of degeneration {unknown}


   Skills:
 + Level 1.8 Fighting
 + Level 2.2 Short Blades
 - Level 1.5 Dodging
 + Level 4.8 Stealth
 + Level 3.2 Spellcasting
 + Level 3.7 Hexes
 + Level 0.9 Necromancy


You had 2 spell levels left.
You knew the following spells:

 Your Spells              Type           Power      Damage    Failure   Level
b - Ensorcelled Hibernat  Hex/Ice        18%        N/A       12%         2
c - Confusing Touch       Hex            15%        N/A       11%         3
d - Tukima's Dance        Hex            15%        N/A       11%         3

Your spell library contained the following spells:

 Spells                   Type           Power      Damage    Failure   Level
 Summon Small Mammal      Summ           8%         N/A       17%         1
 Dazzling Flash           Conj/Hex       18%        N/A       24%         3
 Summon Guardian Golem    Hex/Summ       9%         N/A       24%         3
 Call Canine Familiar     Summ           2%         N/A       45%         3


Dungeon Overview and Level Annotations

Branches:
Dungeon (4/15)
 Temple: D:4-7

Altars:
Ashenzari
Elyvilon
Gozag
Kikubaaqudgha
The Shining One

Shops:
D:3 ?


Innate Abilities, Weirdness & Mutations

You have extremely sharp teeth.
Your natural rate of healing is unusually fast.
When hurt, damage is shared between your health and your magic reserves.
Your bite disrupts and absorbs the magic of your enemies.
Potions cannot restore your health.


Message History

* * * LOW HITPOINT WARNING * * *
You are more poisoned.
The adder poisons you!
The scorpion stings you but does no damage.
You closely miss the scorpion. Your bite misses the scorpion.
The scorpion is almost dead.
* * * LOW HITPOINT WARNING * * *
You feel sick. The adder closely misses you. The scorpion closely misses you.
Unknown command.
Your system rejects the healing.
You feel better. The adder barely misses you.
The scorpion completely misses you.
You hit the scorpion but do no damage.
The scorpion is almost dead.
The adder misses you.
The scorpion stings you but does no damage.
You barely miss the scorpion.
The scorpion is almost dead.
The adder bites you but does no damage. The scorpion barely misses you.
The adder misses you.
Casting: Ensorcelled Hibernation (safe; 12% risk of failure)
Confirm with . or Enter, or press ? or * to list all spells.
Aiming: Ensorcelled Hibernation (safe; 12% risk of failure)
Press: ? - help, Shift-Dir - straight line, f - adder, p - scorpion
Aim: an adder (chance to affect: 51%)
The adder resists with significant effort.
The scorpion stings you but does no damage.
The adder bites you.
You are poisoned.
The adder poisons you!
Casting: Ensorcelled Hibernation (safe; 12% risk of failure)
Confirm with . or Enter, or press ? or * to list all spells.
Aiming: Ensorcelled Hibernation (safe; 12% risk of failure)
Press: ? - help, Shift-Dir - straight line, f/p - adder
Aim: an adder (chance to affect: 51%)
The adder resists with significant effort.
You feel sick. The scorpion stings you.
* * * LOW HITPOINT WARNING * * *
The adder bites you but does no damage. The scorpion stings you.
You die...
Kikubaaqudgha rasps: "You have failed me!
Welcome... death!"

.........................
...................#...##
.........................
.........................
..................#.# #
....................#.##
......<.............#.#.
......S...............#.
#.....s@............#.+.
##..............#.....#.
#..............#...###.
#...................###
#.........#######.#.##.
#...#.....#######.#.##.
#.......................
.......#................
.#...................


You could see a scorpion and an adder.

Vanquished Creatures
  An iguana (D:4)
  Robin (D:2)
  2 gnolls (D:4)
  5 adders
  An ufetubus (D:2)
  2 worms (D:3)
  A dart slug (D:2)
  An orc (D:4)
  2 bat zombies (D:3)
  5 endoplasms
  3 giant cockroaches
  15 goblins
  7 hobgoblins
  4 quokkas
  4 ball pythons
  5 bats
  2 frilled lizards
  9 kobolds
  6 rats
76 creatures vanquished.

Vanquished Creatures (collateral kills)
  A gnoll (D:4)
1 creature vanquished.

Grand Total: 77 creatures vanquished

Notes
Turn   | Place    | Note
-------+----------+-------------------------------------------
     0 | D:1      | mopl the Vine Stalker Enchanter began the quest for the
                  | Orb.
     0 | D:1      | Reached XP level 1. HP: 9/9 MP: 4/4
    73 | D:1      | Reached skill level 1 in Short Blades
   100 | D:1      | Reached XP level 2. HP: 13/14 MP: 4/6
   103 | D:1      | Learned a level 2 spell: Ensorcelled Hibernation
   572 | D:2      | Reached skill level 4 in Stealth
   615 | D:2      | Reached XP level 3. HP: 17/17 MP: 7/7
   619 | D:2      | Learned a level 3 spell: Confusing Touch
   740 | D:2      | Noticed Robin
   821 | D:1      | Reached skill level 1 in Fighting
   860 | D:2      | Killed Robin
   923 | D:2      | Gained mutation: Your natural rate of healing is unusually
                  | fast. [Vine Stalker growth]
   923 | D:2      | Reached XP level 4. HP: 22/22 MP: 9/9
   929 | D:2      | Learned a level 3 spell: Tukima's Dance
   982 | D:2      | Found a glowing golden altar of the Shining One.
  1596 | D:3      | Found an opulent altar of Gozag.
  1735 | D:3      | Reached skill level 3 in Spellcasting
  1743 | D:3      | Found an ancient bone altar of Kikubaaqudgha.
  1751 | D:3      | Became a worshipper of Kikubaaqudgha
  1859 | D:3      | Found Ikhofops's Magic Scroll Shoppe.
  1876 | D:3      | Bought a scroll of identify for 26 gold pieces
  1876 | D:3      | Bought a scroll of teleportation for 39 gold pieces
  1876 | D:3      | Bought a scroll of noise for 13 gold pieces
  1901 | D:3      | Reached XP level 5. HP: 25/25 MP: 10/10
  2184 | D:3      | Bought a scroll of fear for 52 gold pieces
  2222 | D:4      | Found a white marble altar of Elyvilon.
  2247 | D:4      | Reached skill level 2 in Short Blades
  2452 | D:4      | Found a broken altar of Ashenzari.
  2528 | D:4      | HP: 1/26 [poisoned by an adder]
  2533 | D:4      | HP: 1/26 [scorpion (3)]
  2533 | D:4      | Slain by a scorpion

Illustrated notes

Levels and vault maps discovered:
D:1:      eino_arrival_cavern_a, layout_basic
D:2:      layout_loops_ring, basic_altar, uniq_robin
D:3:      layout_loops_ring, grunt_gozag_breadcrumbs,
          lemuel_zombie_altar_kikubaaqudgha, serial_shops, shop,
          saegor_snake_ambush
D:4:      layout_basic, kennysheep_little_box, nicolae_overflow_crystal_walls,
          kennysheep_mini_moat, minmay_temple_entry_from_below_a,
          nicolae_shop_i_like_big_books, hangedman_feature_mirror

Skill      XL: |  1  2  3  4  5 |
---------------+----------------+-----
Short Blades   | 1 2 |  2.2
Stealth        | 4 |  4.8
Fighting       | 1 |  1.8
Spellcasting   | 3 |  3.2
Dodging        | |  1.5
Hexes          | |  3.7
Necromancy     | |  0.9

Action                     |  1- 3 |  4- 6 || total
---------------------------+-------+-------++-------
  Melee: Dagger            |    91 |   116 ||   207
         Bite              |    17 |    33 ||    50
   Cast: Ensorcelled Hiber |     5 |    16 ||    21
         Tukima's Dance    |       |     2 ||     2
    Use: Scroll            |       |     2 ||     2
         Potion            |       |     2 ||     2
   Stab: Sleeping          |    11 |    10 ||    21
 Armour: Robe              |     9 |    42 ||    51
  Dodge: Dodged            |    49 |    88 ||   137

Table legend: (Time is in decaauts)
 A = Elapsed time spent in this place.
 B = Non-inter-level travel time spent in this place.
 C = Inter-level travel time spent in this place.
 D = Time resting spent in this place.
 E = Time spent auto-exploring this place.
 F = Levels seen in this place.
 G = Mean time per level.
                   A        B        C        D        E       F      G
               +--------+--------+--------+--------+--------+-----+--------+
         Total |   2543 |   2446 |     97 |    168 |   1638 |   4 |  635.8 |
       Dungeon |   2543 |   2446 |     97 |    168 |   1638 |   4 |  635.8 |
               +--------+--------+--------+--------+--------+-----+--------+

Top non-repeatable levels by time:
     D:2: 792 daAuts
     D:3: 753 daAuts
     D:1: 661 daAuts
     D:4: 336 daAuts
